 Dungeon Crawl Stone Soup version 0.19-a0-981-gaae9137 (webtiles) character file.

913 sefie the Slasher (level 8, 0/53 HPs)
             Began as a Halfling Fighter on July 14, 2016.
             Slain by a black bear (1 damage)
             ... on level 6 of the Dungeon.
             The game lasted 00:17:18 (5420 turns).

sefie the Slasher (Halfling Fighter)                Turns: 5420, Time: 00:17:21

Health: 0/53       AC:  8    Str: 17    XL:     8   Next: 30%
Magic:  9/9        EV: 11    Int:  7    God:
Gold:   240        SH:  9    Dex: 15    Spells: 0 memorised, 7 levels left

rFire  . . .     SeeInvis .     a - +0 long sword
rCold  . . .     Gourm    .     b - +0 scale mail
rNeg   . . .     Faith    .     c - +0 shield
rPois  +         Spirit   .     (no helmet)
rElec  .         Dismiss  .     (no cloak)
rCorr  .         Reflect  .     o - +0 pair of gloves
SustAt .         Harm     .     (no boots)
MR     +....                    (no amulet)
Stlth  ..........               n - ring of protection from magic
                                m - ring of poison resistance

@: lethally poisoned (0 -> -6), somewhat resistant to hostile enchantments,
extremely unstealthy
A: mutation resistance 1
a: no special abilities


You were on level 6 of the Dungeon.
You were hungry.

You visited 1 branch of the dungeon, and saw 6 of its levels.

You collected 240 gold pieces.

Inventory:

Hand Weapons
 a - a +0 long sword (weapon)
Armour
 b - a +0 scale mail (worn)
 c - a +0 shield (worn)
 o - a +0 pair of gloves (worn)
Jewellery
 m - a ring of poison resistance (left hand)
 n - a ring of protection from magic (right hand)
Wands
 v - a wand of slowing (14/48)
 C - a wand of enslavement (3/24)
Scrolls
 e - a scroll of enchant armour {unknown}
 j - 2 scrolls of fog {unknown}
 p - 3 scrolls of recharging
 q - 3 scrolls of remove curse {unknown}
 w - a scroll of blinking {unknown}
 y - a scroll of noise {unknown}
 A - a scroll of immolation {unknown}
 B - a scroll of teleportation {unknown}
Potions
 d - 2 potions of might
 g - a potion of curing
 h - a potion of heal wounds
 i - 2 potions of ambrosia {unknown}
 k - 3 potions of flight
 r - 2 potions of agility {unknown}
 s - a potion of haste
 t - a potion of cancellation {unknown}
 x - a potion of berserk rage {unknown}
Comestibles
 f - 5 bread rations
 l - 2 slices of pizza
 u - 2 beef jerkies


   Skills:
 + Level 3.6 Fighting
 + Level 7.3 Long Blades
 + Level 3.7 Armour
 * Level 4.1 Dodging
 - Level 3.2 Shields
 * Level 1.5 Evocations


You had 7 spell levels left.
You didn't know any spells.

Dungeon Overview and Level Annotations

Branches:
Dungeon (6/15)
 Temple: D:4-7

Altars:


Innate Abilities, Weirdness & Mutations

You are small and have problems with some larger weapons.
You are somewhat resistant to further mutation.


Message History

The scorpion stings you but does no damage.
The scorpion stings you.
* * * LOW HITPOINT WARNING * * *
You closely miss the black bear.
The black bear is severely wounded.
The scorpion closely misses you.
You closely miss the black bear.
The black bear is severely wounded.
You block the scorpion's attack. You block the black bear's attack.
The black bear claws you but does no damage.
The black bear claws you.
* * * LOW HITPOINT WARNING * * *
You hit the black bear.
The black bear is almost dead.
The scorpion stings you.
* * * LOW HITPOINT WARNING * * *
You are lethally poisoned!
The scorpion poisons you! You block the black bear's attack.
The black bear barely misses you. The black bear claws you.
You die...

###### #### #....# #...
#....# #...
###....########...
#######.................
.............#######....
######......# #))....
####### ##s#....##
##)##...
........##.@h.....#
#..#####
........##.#......###.##
#.................##..#
#........##.......##.####
#.......................#
##.....<.......#.........#
#..........##....###.....#
#........#####...# #.....#
#.......>#
#.#..##.....####


You could see a black bear and a scorpion.

Vanquished Creatures
  An orc warrior (D:5)
  A centaur (D:4)
  An ogre (D:4)
  3 scorpions
  A howler monkey (D:5)
  A hound (D:4)
  A giant frog skeleton (D:4)
  An orc priest (D:6)
  A jelly (D:6)
  2 orc wizards (D:6)
  Jessica (D:2)
  Ijyb (D:2)
  3 worker ants
  3 adders
  5 worms
  3 dart slugs
  3 giant geckos
  26 orcs
  2 ball pythons
  5 giant cockroaches
  13 goblins
  6 hobgoblins
  10 jackals
  2 quokkas
  4 bats
  3 giant newts
  4 kobolds
  6 rats
113 creatures vanquished.

Notes
Turn   | Place    | Note
-------+----------+-------------------------------------------
     0 | D:1      | sefie the Halfling Fighter began the quest for the Orb.
     0 | D:1      | Reached XP level 1. HP: 15/15 MP: 1/1
    96 | D:1      | Reached XP level 2. HP: 19/20 MP: 2/2
   199 | D:1      | Reached skill level 3 in Long Blades
   588 | D:1      | Reached XP level 3. HP: 25/25 MP: 3/3
   822 | D:2      | Noticed Ijyb
   863 | D:2      | Killed Ijyb
   863 | D:2      | Reached skill level 4 in Long Blades
   863 | D:2      | Reached XP level 4. HP: 20/30 MP: 4/4
  1122 | D:2      | Noticed Jessica
  1131 | D:2      | Killed Jessica
  1131 | D:2      | Reached XP level 5. HP: 34/35 MP: 5/5
  1137 | D:2      | Found a faded altar of an unknown god.
  1612 | D:3      | Reached skill level 5 in Long Blades
  2463 | D:4      | Noticed a centaur
  2642 | D:4      | Reached XP level 6. HP: 41/41 MP: 6/6
  2656 | D:4      | Reached skill level 6 in Long Blades
  2734 | D:4      | Reached skill level 1 in Dodging
  2786 | D:4      | Noticed an ogre
  2966 | D:4      | Noticed an ogre
  3049 | D:5      | Entered Level 5 of the Dungeon
  3057 | D:5      | Noticed an orc warrior
  3067 | D:4      | Killed an ogre
  3067 | D:4      | Reached XP level 7. HP: 42/45 MP: 7/7
  4279 | D:5      | Reached skill level 7 in Long Blades
  4937 | D:5      | Reached skill level 1 in Evocations
  5030 | D:6      | Reached XP level 8. HP: 52/52 MP: 8/8
  5420 | D:6      | HP: 1/53 [scorpion (5)]
  5420 | D:6      | Slain by a black bear

Vault maps used:
D:1:      minmay_arrival_jagged
D:2:      ecumenical_altar_2, first_bread, uniq_jessica, uniq_iyjb
D:3:      grunt_ministairs_13
D:4:      kennysheep_spiral_hall, goddamned_bats, uniq_duvessa
D:6:      serial_shops, shop, nemelex_diamond_rough_becter

Skill      XL: |  1  2  3  4  5  6  7  8 |
---------------+-------------------------+-----
Long Blades    | 3 4 5 6 7 |  7.3
Dodging        | 2 3 4 |  4.1
Fighting       | 3 |  3.6
Evocations     | 1 |  1.5
Armour         | |  3.7
Shields        | |  3.2

Action                   |  1- 3 |  4- 6 |  7- 9 || total
-------------------------+-------+-------+-------++-------
Melee: Long sword        |   122 |   296 |   201 ||   619
Evoke: Wand              |       |       |     8 ||     8
  Use: Scroll            |       |     5 |     3 ||     8
       Potion            |       |     1 |     1 ||     2
  Eat: Chunk             |       |     8 |     7 ||    15
Armor: Scale mail        |    40 |    92 |    58 ||   190
Dodge: Dodged            |    33 |    83 |    65 ||   181
Block: Shield            |    41 |   126 |    91 ||   258
